 Dungeon Crawl Stone Soup version 0.29-a0-330-g52719c12eb (webtiles) character file.

Game seed: 17551720936051178152

2093 kae the Chopper (level 8, -2/67 HPs)
             Began as a Demigod Transmuter on May 8, 2022.
             Slain by a killer bee (5 damage)
             ... on level 6 of the Dungeon.
             The game lasted 00:05:15 (7718 turns).

kae the Chopper (Demigod Transmuter)                Turns: 7718, Time: 00:05:15

Health: -2/67      AC: 12    Str: 29    XL:     8   Next: 79%
Magic:  18/18      EV: 11    Int: 19    God:
Gold:   393        SH:  0    Dex: 16    Spells: 10/16 levels left

rFire   + . .      SeeInvis .   e - +0 battleaxe
rCold   . . .      Faith    .   (shield currently unavailable)
rNeg    . . .      Spirit   .   s - +4 scale mail {rF+}
rPois   +          Reflect  .   (no helmet)
rElec   .          Harm     .   (no cloak)
rCorr   .          Rampage  .   t - +0 pair of gloves
Will    .....                   h - +0 pair of boots
Stlth   ..........              (no amulet)
HPRegen 0.21/turn               r - +6 ring of strength
MPRegen 0.16/turn               u - ring "Bojo" {rPois Str+4 Int+4 Dex+2}

@: no status effects
A: high MP 1, forlorn, divine attributes
a: no special abilities


You were on level 6 of the Dungeon.
You visited 1 branch of the dungeon, and saw 7 of its levels.
You also visited: Sewer.

You collected 393 gold pieces.

Inventory:

Hand Weapons
 e - a +0 battleaxe (weapon)
Armour
 a - a +0 robe
 g - a +1 leather armour
 h - a +0 pair of boots (worn)
 s - a +4 scale mail of fire resistance (worn)
 t - a +0 pair of gloves (worn)
 v - a +0 scale mail
Jewellery
 i - a ring of protection from fire
 j - a +6 ring of dexterity
 r - a +6 ring of strength (left hand)
 u - the ring "Bojo" (right hand) {rPois Str+4 Int+4 Dex+2}
   (You found it in a sewer)

   [ring of poison resistance]

   Str:       It affects your strength (+4).
   Int:       It affects your intelligence (+4).
   Dex:       It affects your dexterity (+2).
   rPois:     It protects you from poison.
Wands
 d - a wand of flame (6)
 z - a wand of paralysis (9)
Scrolls
 o - a scroll of fog
 q - 2 scrolls of identify
 x - a scroll of blinking
Potions
 b - a potion of berserk rage
 c - 2 potions of brilliance
 f - a potion of cancellation
 k - 3 potions of mutation
 l - 7 potions of curing
 m - a potion of degeneration
 n - 3 potions of attraction
 p - a potion of haste
 w - a potion of heal wounds
Miscellaneous
 y - a phial of floods


   Skills:
 + Level 4.6 Fighting
 * Level 6.2 Axes
 + Level 1.6 Armour
 - Level 1.7 Dodging
 - Level 2.7 Unarmed Combat
 + Level 4.5 Spellcasting
 + Level 2.3 Hexes
 + Level 2.4 Translocations
 - Level 4.1 Transmutations


You had 10 spell levels left.
You knew the following spells:

 Your Spells              Type           Power      Damage    Failure   Level
a - Beastly Appendage     Tmut           40%        N/A       4%          1
b - Wereblood             Tmut           20%        N/A       8%          2
c - Slow                  Hex            52%        N/A       11%         1
d - Blink                 Tloc           26%        N/A       16%         2

Your spell library contained the following spells:

 Spells                   Type           Power      Damage    Failure   Level
 Foxfire                  Conj/Fire      16%        2x1d4     28%         1
 Confusing Touch          Hex            13%        N/A       30%         3
 Lesser Beckoning         Tloc           13%        N/A       30%         3
 Spider Form              Tmut/Pois      12%        N/A       34%         3
 Inner Flame              Hex/Fire       8%         N/A       45%         3
 Conjure Flame            Conj/Fire      4%         6-21      63%         3
 Vampiric Draining        Necr           4%         2d6       63%         3
 Passage of Golubria      Tloc           13%        N/A       71%         4
 Ice Form                 Ice/Tmut       12%        N/A       75%         4
 Flame Wave               Conj/Fire      4%         2d5       95%         4
 Manifold Assault         Tloc           13%        N/A       96%         5
 Silence                  Hex/Air        4%         N/A       99%         5
 Lehudib's Crystal Spear  Conj/Erth      2%         10d2      100%        8


Dungeon Overview and Level Annotations

Branches:
Dungeon (7/15)              Sewer (visited)
 Temple: D:4-7

Annotations:
D:7 Joseph


Innate Abilities, Weirdness & Mutations

You have an increased reservoir of magic. (+10% MP)
You shall have no god before yourself.
Your divine heritage dramatically boosts your attributes as you level up.


Message History

The sling bullet closely misses you.
You closely miss the killer bee.
The killer bee stings you but does no damage.
The killer bee barely misses you.
Joseph shoots a sling bullet.
The sling bullet hits you.
The killer bee stings you but does no damage.
You are too injured to fight recklessly!
Joseph shoots a sling bullet.
The sling bullet hits you! The killer bee closely misses you.
There is a stone staircase leading up, spattered with blood here.
The killer bee barely misses you.
Joseph shoots a sling bullet.
The sling bullet hits you. The killer bee barely misses you.
You climb upwards.
There is a stone staircase leading down here.
You are too injured to fight recklessly!
You are too injured to fight recklessly!
You are too injured to fight recklessly!
You are too injured to fight recklessly!
You closely miss the killer bee. The killer bee stings you.
The killer bee stings you but does no damage.
The killer bee misses you.
You miss the killer bee.
The killer bee stings you but does no damage.
The killer bee closely misses you. The killer bee misses you.
You barely miss the killer bee.
The killer bee stings you but does no damage.
The killer bee stings you!
* * * LOW HITPOINT WARNING * * *
You miss the killer bee. The killer bee barely misses you.
The killer bee stings you.
* * * LOW HITPOINT WARNING * * *
The killer bee stings you.
* * * LOW HITPOINT WARNING * * *
You closely miss the killer bee. The killer bee barely misses you.
The killer bee stings you but does no damage.
The killer bee barely misses you.
You closely miss the killer bee. The killer bee stings you.
* * * LOW HITPOINT WARNING * * *
The killer bee barely misses you. The killer bee stings you.
You die...

............#.#.########
......##.##.#..........#
.........##.#.#.######.#
..###.#####.#........#.#
..###.......#...#.##.#.#
.......................#
.##########.#.###.##.######
..#########.#.###.........#
................@.##.###.##
..#.#####.#.#.##.y#...<#.#
..#.# #.#.#.##..#..#.#.##
###.# #.#.......#<......#
....# #.#.#####.#..#.#.##
##..# #.### #.#..#.#.# #..#
#.# #.#..#.#.# #..# #.#
#.#..#.#.## #..# #.#
#.#..#.#..#


You could see a killer bee.

Vanquished Creatures
  Pikel (D:5)
  Grinder (D:5)
  A steam dragon (D:6)
  A water moccasin (Sewer)
  Edmund (D:5)
  A black bear (D:6)
  2 ogres (D:5)
  A lemure (D:5)
  A phantom (D:5)
  2 bullfrogs
  2 necrophages
  2 scorpions (D:6)
  A killer bee (D:7)
  A howler monkey (D:6)
  A jelly (D:5)
  An orc priest (D:4)
  An orc wizard (D:3)
  2 iguanas
  7 adders
  2 shadow imps
  A white imp (D:6)
  3 worms
  3 dart slugs (D:3)
  19 orcs
  3 endoplasms
  2 giant cockroaches
  9 goblins
  5 hobgoblins (D:3)
  7 kobolds
  7 quokkas
  3 ball pythons
  5 bats
  A frilled lizard (D:2)
  3 rats
103 creatures vanquished.

Notes
Turn   | Place    | Note
-------+----------+-------------------------------------------
     0 | D:1      | kae the Demigod Transmuter began the quest for the Orb.
     0 | D:1      | Reached XP level 1. HP: 15/15 MP: 5/5
    22 | D:1      | Reached skill level 1 in Fighting
   522 | D:1      | Noticed a floating eye
   528 | D:1      | Noticed a floating eye
   718 | D:1      | Noticed a great orb of eyes
   743 | D:1      | Noticed a floating eye
   962 | D:2      | Reached XP level 2. HP: 23/23 MP: 5/7
  1505 | D:2      | Learned a level 2 spell: Wereblood
  2337 | D:3      | HP: 1/23 [orc/boomerang (4)]
  2614 | D:3      | Reached XP level 3. HP: 25/28 MP: 6/8
  2680 | D:3      | Noticed a necrophage
  2688 | D:3      | Reached skill level 1 in Axes
  2694 | D:3      | Killed a necrophage
  2695 | D:3      | Reached XP level 4. HP: 23/36 MP: 10/10
  2925 | D:3      | Reached skill level 2 in Axes
  3128 | D:3      | Learned a level 1 spell: Slow
  3140 | D:3      | Learned a level 2 spell: Blink
  3731 | D:4      | Reached XP level 5. HP: 41/41 MP: 9/11
  4621 | D:5      | Entered Level 5 of the Dungeon
  4659 | D:5      | Reached skill level 3 in Axes
  4659 | D:5      | Reached XP level 6. HP: 45/50 MP: 13/13
  4920 | D:5      | Noticed Pikel
  4941 | D:5      | Killed Pikel
  4942 | D:5      | Reached skill level 4 in Axes
  4942 | D:5      | Reached XP level 7. HP: 36/58 MP: 13/15
  5317 | D:5      | Reached skill level 5 in Axes
  5439 | D:5      | Noticed Edmund
  5841 | D:5      | Killed Edmund
  5942 | D:5      | Noticed Grinder
  5960 | D:5      | Killed Grinder
  5961 | D:5      | Reached skill level 1 in Hexes
  5961 | D:5      | Reached skill level 1 in Translocations
  5961 | D:5      | Reached XP level 8. HP: 54/66 MP: 14/17
  6428 | D:6      | Found a glowing drain.
  6432 | Sewer    | Entered a sewer
  6476 | Sewer    | Reached skill level 1 in Armour
  6638 | Sewer    | Identified the ring "Bojo" {rPois Str+4 Int+4 Dex+2}
  6643 | Sewer    | Identified the +11 trident of Utinoh {flame, MP+9}
  6864 | D:6      | Reached skill level 6 in Axes
  7574 | D:7      | Noticed Joseph
  7718 | D:6      | HP: 3/67 [killer bee (6)]
  7718 | D:6      | Slain by a killer bee

Illustrated notes

Levels and vault maps discovered:
D:1:      tarquinn_simple_flora_water_e, layout_rooms,
          hellmonk_ecumenical_altar_watching_god, minmay_misc_feat_nine_boxes
D:2:      layout_loops_ring, serial_aquarium, aquarium_bridge_long_joined
          [aquarium_subvault_wall, aquarium_subvault_bridge,
          aquarium_subvault_wall, aquarium_subvault_wall,
          aquarium_subvault_window, aquarium_subvault_window],
          aquarium_bridge_square [aquarium_subvault_bridge,
          aquarium_subvault_bridge, aquarium_subvault_wall,
          aquarium_subvault_bridge], aquarium_window_corridor_3,
          aquarium_window_2, aquarium_window_1, aquarium_view_2f, basic_altar,
          minivault_24
D:3:      layout_basic, lemuel_round_altar, guppyfry_early_orc_mine
D:4:      layout_loops_ring, lemuel_coloured_pillars_altar,
          nicolae_tso_carved_into_rock
D:5:      layout_cave_pools, uniq_grinder, uniq_edmund, uniq_pikel
D:6:      layout_basic, mainiacjoe_overflow_surrounded_room,
          gup_sewer_entry_spiral
D:7:      layout_cave_pools, minmay_temple_entry_nine_rooms,
          ebering_ghost_reflecting_pool, uniq_joseph

Skill      XL: |  1  2  3  4  5  6  7  8 |
---------------+-------------------------+-----
Fighting       | 1 2 3 4 |  4.6
Transmutations | 2 3 4 |  4.1
Spellcasting   | 2 3 4 |  4.5
Axes           | 1 2 3 4 5 6 |  6.2
Hexes          | 1 2 |  2.3
Translocations | 1 2 |  2.4
Armour         | 1 |  1.6
Dodging        | |  1.7
Unarmed Combat | |  2.7

Action                   |  1- 3 |  4- 6 |  7- 9 || total
-------------------------+-------+-------+-------++-------
Melee: Unarmed           |    17 |       |       ||    17
       Kick              |    12 |    10 |     4 ||    26
       Headbutt          |     8 |    10 |     3 ||    21
       Battleaxe         |    52 |   115 |   129 ||   296
 Cast: Beastly Appendage |    18 |    15 |     3 ||    36
       Wereblood         |       |     2 |       ||     2
       Slow              |       |       |     4 ||     4
       Blink             |       |       |     1 ||     1
Evoke: Wand              |       |       |    14 ||    14
  Use: Scroll            |     5 |     2 |     6 ||    13
       Potion            |     1 |     2 |     1 ||     4
 Stab: Sleeping          |       |     2 |       ||     2
Armor: Leather armour    |    23 |    54 |     2 ||    79
       Robe              |     1 |       |       ||     1
       Skin              |       |    17 |    10 ||    27
       Scale mail        |       |       |    80 ||    80
Dodge: Dodged            |    57 |    80 |   100 ||   237

Table legend: (Time is in decaauts)
 A = Elapsed time spent in this place.
 B = Non-inter-level travel time spent in this place.
 C = Inter-level travel time spent in this place.
 D = Time resting spent in this place.
 E = Time spent auto-exploring this place.
 F = Levels seen in this place.
 G = Mean time per level.
                   A        B        C        D        E       F      G
               +--------+--------+--------+--------+--------+-----+--------+
         Total |   7909 |   7474 |    435 |    815 |   5574 |   8 |  988.6 |
       Dungeon |   7660 |   7225 |    435 |    815 |   5389 |   7 | 1094.3 |
         Sewer |    249 |    249 |      0 |      0 |    185 |   1 |  249.0 |
               +--------+--------+--------+--------+--------+-----+--------+

Top non-repeatable levels by time:
     D:2: 1663 daAuts
     D:5: 1427 daAuts
     D:6: 1356 daAuts
     D:3: 1271 daAuts
     D:4: 1143 daAuts
     D:1: 769 daAuts
   Sewer: 249 daAuts
     D:7: 29 daAuts
